 Dungeon Crawl Stone Soup version 0.28-a0-97-g102d6777a4 (webtiles) character file.

Game seed: 2336284327298951581

22201 lunkers the Thaumaturge (level 13, -13/100 HPs)
             Began as a Djinni Earth Elementalist on Aug 9, 2021.
             Was an Initiate of Gozag.
             Killed from afar by a tengu conjurer (23 damage)
             ... with a bolt of lightning
             ... led by a tengu conjurer
             ... on level 12 of the Dungeon on Aug 10, 2021.
             The game lasted 00:31:58 (20391 turns).

lunkers the Thaumaturge (DjEE)                     Turns: 20391, Time: 00:31:58

Health: -13/100    AC:  8    Str:  7    XL:     13   Next: 25%
Gold:   2293       EV: 12    Int: 27    God:    Gozag SH: 10 Dex: 15

rFire   + + .      SeeInvis .   x - staff of earth
rCold   x . .      Faith    .   g - +0 buckler
rNeg    . . .      Spirit   .   Y - +2 robe {Will+}
rPois   ∞          Reflect  +   v - +1 helmet
rElec   .          Harm     .   H - +0 cloak
rCorr   .          Rampage  .   J - +0 pair of gloves
Will    +++..                   (boots unavailable)
Stlth   ++........              A - amulet of reflection
HPRegen 0.26/turn               t - ring of willpower
MPRegen 0.00/turn               W - +6 ring of intelligence

@: about to teleport, gold aura, flying
A: sickness immunity, fire resistance 2, cold vulnerability 1, float, innate
caster, hp casting, extra vitality 1
a: Renounce Religion, Potion Petition, Call Merchant, Bribe Branch


You were on level 12 of the Dungeon.
You worshipped Gozag.
Gozag was most pleased with you.
You visited 2 branches of the dungeon, and saw 15 of its levels.
You also visited: Bailey.

You collected 2349 gold pieces.
You paid 56 gold pieces to Gozag.

Inventory:

Hand Weapons
 k - a +4 dagger
 S - the +8 spear of the Many Yaks {drain, rF+ Str+2}
   (You found it on level 9 of the Dungeon)

   A truly terrible weapon, it drains the life of any living foe it strikes.
   Str:       It affects your strength (+2).
   rF:        It protects you from fire.
Missiles
 c - 372 stones
Armour
 g - a +0 buckler (worn)
 v - a +1 helmet (worn)
 H - a +0 cloak (worn)
 J - a +0 pair of gloves (worn)
 R - a +2 kite shield
 Y - a +2 robe of willpower (worn)
Magical Staves
 x - a staff of earth (weapon)
 F - a staff of poison
 I - a staff of conjuration
Jewellery
 n - a ring of protection from fire
 p - a ring of wizardry
 t - a ring of willpower (left hand)
 u - a +6 ring of strength
 A - an amulet of reflection (around neck)
 W - a +6 ring of intelligence (right hand)
Wands
 i - a wand of polymorph (9)
 y - a wand of flame (39)
 E - a wand of acid (10)
 L - a wand of iceblast (13)
 Q - a wand of paralysis (15)
 T - a wand of mindburst (15)
 X - a wand of charming (10)
Scrolls
 b - 2 scrolls of magic mapping {unknown}
 d - 2 scrolls of brand weapon {unknown}
 e - 4 scrolls of enchant armour
 f - 2 scrolls of blinking {unknown}
 h - 4 scrolls of teleportation
 l - 2 scrolls of identify
 o - 2 scrolls of immolation {unknown}
 G - 3 scrolls of noise {unknown}
 K - 2 scrolls of enchant weapon {unknown}
 M - 4 scrolls of amnesia {unknown}
 N - 3 scrolls of torment {unknown}
 P - 2 scrolls of summoning {unknown}
Potions
 a - 3 potions of mutation
 j - 5 potions of brilliance
 m - 6 potions of curing
 r - 2 potions of invisibility
 w - a potion of heal wounds
 z - 5 potions of lignification
 B - a potion of haste
 C - a potion of ambrosia {unknown}
 O - 2 potions of attraction
 U - a potion of cancellation
 V - 2 potions of resistance
Miscellaneous
 q - a phial of floods
 s - a piece from Xom's chessboard (15/15)


   Skills:
 + Level 11.8 Fighting
 - Level 2.1 Dodging
 - Level 1.5 Stealth
 - Level 4.0 Shields
 * Level 13.1 Spellcasting


You had 8 spell levels left.
You knew the following spells:

 Your Spells              Type           Power      Damage    Failure   Level
a - Stone Arrow           Conj/Erth      100%       3d13      1%          3
b - Passwall              Tmut/Erth      77%        N/A       1%          2
c - Sandblast             Erth           100%       2d20      0%          1
d - Petrify               Tmut/Erth      93%        N/A       1%          4
e - Pain                  Necr           100%       1d9       0%          1
f - Slow                  Hex            73%        N/A       1%          2
g - Teleport Other        Tloc           73%        N/A       1%          3
h - Cause Fear            Hex            36%        N/A       1%          4
i - Metabolic Englaciati  Hex/Ice        36%        N/A       1%          5
j - Lightning Bolt        Conj/Air       36%        1d54      1%          5
Your spell library was empty.

Dungeon Overview and Level Annotations

Branches:
Dungeon (14/15)            Temple (1/1) D:6            Lair (0/6) D:8
    Orc (0/2) D:12         Bailey (visited)
 Vaults: D:13-14

Altars:
Ashenzari
Cheibriados
Dithmenos
Elyvilon
Fedhas
Gozag
Hepliaklqana
Kikubaaqudgha
Makhleb
Nemelex Xobeh
Okawaru
Qazlal
Ru
Sif Muna
Trog
Uskayaw
Vehumet
Wu Jian
Xom
Yredelemnul
Zin
The Shining One

Shops:
D:10 (


Innate Abilities, Weirdness & Mutations

You are immune to sickness and miasma.
You are immune to poison.
Your flesh is very heat resistant. (rF++)
You are vulnerable to cold. (rC-)
You float through the air rather than walking.
You learn spells naturally, not from books.
Your magical power is your life essence.
You have superior vitality. (+4 HP)


Message History

You don't know that spell.
Casting: Stone Arrow (safe; 1% risk of failure)
Confirm with . or Enter, or press ? or * to list all spells.
Aiming: Stone Arrow (safe; 1% risk of failure)
Press: ? - help, Shift-Dir - straight line, f - orc
Aim: an orc, wielding a +0 club (wandering, hasn't noticed you, 78% to hit)
You feel a surge of power!
The stone arrow misses the orc.
The orc shouts!
The howler monkey howls!
* * * LOW HITPOINT WARNING * * *
You hear a shout!
You block the orc's attack.
Unknown command.
Casting: Stone Arrow (safe; 1% risk of failure)
Confirm with . or Enter, or press ? or * to list all spells.
Aiming: Stone Arrow (safe; 1% risk of failure)
Press: ? - help, Shift-Dir - straight line, f/p - orc
Aim: an orc, wielding a +0 club (78% to hit)
You feel a surge of power!
The stone arrow misses the orc.
* * * LOW HITPOINT WARNING * * *
The orc hits you with a +0 club.
* * * LOW HITPOINT WARNING * * *
You barely miss the orc. You block the orc's attack.
The tengu conjurer casts a spell at you.
The bolt of lightning hits the orc!!
The orc dies!
The bolt of lightning hits you!
* * * LOW HITPOINT WARNING * * *
The howler monkey barely misses you.
Things that are here:
30 gold pieces; a +0 club; a scroll of identify
As you read the scroll of teleportation, it crumbles to dust.
You feel strangely unstable.
The howler monkey hits you but does no damage.
The howler monkey hits you but does no damage.
The tengu conjurer casts a spell at you.
The bolt of lightning hits the howler monkey!!
The howler monkey dies!
The bolt of lightning hits you!!
You die...
Your body crumbles into a pile of gold.

#........H. #.......... .
#..........# .. #..........#
[.. #..........# ....
#..........# .!..
#..........# #
#..#####..........# # ### .
##$....@..........#
.###.##.#.#.....$..........#
..#..#.#.##.......$*.......#
.##....#.##......Q..<......#
..##.#.#.##................#
####.#.#.##................#
..##.##..##................#
.#
.#.....#.##.^..............#
..
..#.#.##..#................#
..


You could see a tengu conjurer and a battlesphere.

Vanquished Creatures
  2 boulder beetles
  Erica (D:10)
  Urug (D:11)
  A skeletal warrior (D:13)
  A deep elf pyromancer (D:14)
  Pikel (D:6)
  An orc knight (Bailey)
  2 cyclopes
  2 manticores
  An elephant (D:8)
  An unseen horror (D:11)
  A gargoyle (D:13)
  2 kobold demonologists
  A tengu conjurer (D:12)
  6 slime creatures
  2 trolls
  4 wraiths
  19 yaks
  2 shadows
  A wyvern (D:11)
  A vampire (D:11)
  Eustachio (D:6)
  2 basilisks
  Grum (D:11)
  A warg (D:12)
  A steam dragon (D:8)
  Edmund (D:5)
  An acid dragon (D:9)
  3 water moccasins
  18 orc warriors
  6 ice beasts
  4 ogres
  A black bear (D:8)
  A hornet zombie (D:6)
  An ogre (shapeshifter) (D:13)
  2 necrophages
  5 centaurs
  3 wolves (D:10)
  2 phantoms
  2 lemures (D:6)
  2 kobold brigands
  5 bullfrogs
  4 gnoll sergeants
  A scorpion (D:7)
  A water moccasin skeleton (D:5)
  5 killer bees (D:8)
  5 wights (D:7)
  5 howler monkeys
  5 centaur zombies
  A bullfrog zombie (D:6)
  2 hounds (D:5)
  6 orc priests
  A gnoll shaman (D:7)
  2 jellies (D:6)
  A bullfrog skeleton (D:5)
  Terence (D:2)
  Natasha (thrice) (D:2)
  An iguana (D:5)
  14 orc wizards
  A hound skeleton (D:4)
  Robin (D:4)
  9 adders
  21 gnolls
  A white imp (D:6)
  2 ufetubi
  A worm (D:5)
  A dart slug (D:3)
  49 orcs
  8 endoplasms
  6 giant cockroaches
  19 goblins
  9 hobgoblins
  6 jackals
  3 quokkas
  5 ball pythons
  7 bats
  A frilled lizard (D:1)
  17 kobolds
  4 rats
345 creatures vanquished.

Vanquished Creatures (others)
  A howler monkey (D:12)
  An orc (D:12)
  5 plants (D:2)
7 creatures vanquished.

Grand Total: 352 creatures vanquished

Notes
Turn   | Place    | Note
-------+----------+-------------------------------------------
     0 | D:1      | lunkers the Djinni Earth Elementalist began the quest for
                  | the Orb.
     0 | D:1      | Reached XP level 1. HP: 15/15 MP: 0/0
    59 | D:1      | Reached XP level 2. HP: 6/22 MP: 0/0
   535 | D:1      | Reached skill level 1 in Fighting
   963 | D:1      | Found a faded altar of an unknown god.
  1159 | D:1      | Reached XP level 3. HP: 25/27 MP: 0/0
  1159 | D:1      | Learned a level 1 spell: Pain
  1161 | D:1      | Reached skill level 3 in Spellcasting
  1353 | D:2      | Noticed Natasha
  1392 | D:2      | Killed Natasha
  1393 | D:2      | Reached XP level 4. HP: 19/32 MP: 0/0
  1645 | D:2      | Noticed Natasha
  1659 | D:2      | Killed Natasha
  1684 | D:2      | Noticed Natasha
  1692 | D:2      | Killed Natasha
  1693 | D:2      | Reached XP level 5. HP: 7/38 MP: 0/0
  1693 | D:2      | Learned a level 2 spell: Slow
  2217 | D:2      | Noticed Terence
  2222 | D:2      | Killed Terence
  2465 | D:2      | Reached skill level 4 in Spellcasting
  3174 | D:3      | Noticed a necrophage
  3178 | D:3      | Killed a necrophage
  3179 | D:3      | Reached XP level 6. HP: 32/46 MP: 0/0
  4219 | D:4      | Noticed Robin
  4227 | D:3      | Reached XP level 7. HP: 36/50 MP: 0/0
  4227 | D:3      | Learned a level 3 spell: Teleport Other
  4571 | D:4      | Killed Robin
  4691 | D:4      | Reached skill level 5 in Spellcasting
  5324 | D:4      | Found a white marble altar of Elyvilon.
  5555 | D:5      | Entered Level 5 of the Dungeon
  5800 | D:5      | Reached XP level 8. HP: 43/58 MP: 0/0
  6031 | D:5      | Reached skill level 6 in Spellcasting
  6197 | D:5      | Reached skill level 5 in Fighting
  6287 | D:5      | Noticed a kobold demonologist
  6296 | D:5      | Killed a kobold demonologist
  6526 | D:5      | Noticed Edmund
  6541 | D:5      | Killed Edmund
  6542 | D:5      | Reached skill level 7 in Spellcasting
  6542 | D:5      | Reached XP level 9. HP: 24/66 MP: 0/0
  6542 | D:5      | Learned a level 4 spell: Cause Fear
  7338 | D:5      | Found a hazy altar of Hepliaklqana.
  7542 | D:5      | Reached skill level 8 in Spellcasting
  7723 | D:6      | Found an ornate altar of the Wu Jian Council.
  8034 | D:6      | Noticed Pikel
  8047 | D:6      | Killed Pikel
  8048 | D:6      | Reached skill level 9 in Spellcasting
  8048 | D:6      | Reached XP level 10. HP: 53/76 MP: 0/0
  8342 | D:6      | Found a staircase to the Ecumenical Temple.
  8358 | Temple   | Entered the Ecumenical Temple
  8627 | Temple   | Became a worshipper of Gozag Ym Sagoz the Greedy
  8924 | D:6      | Noticed Eustachio
  8928 | D:6      | Killed Eustachio
  9262 | D:6      | Found a sparkling altar of Nemelex Xobeh.
 10356 | D:7      | Reached skill level 10 in Spellcasting
 11297 | D:7      | Reached XP level 11. HP: 76/82 MP: 0/0
 11297 | D:7      | Learned a level 5 spell: Metabolic Englaciation
 11677 | D:8      | Noticed an elephant
 11695 | D:8      | Killed an elephant
 11819 | D:8      | Noticed a manticore
 11824 | D:8      | Killed a manticore
 12079 | D:8      | Found a staircase to the Lair.
 12283 | D:8      | Found a blossoming altar of Fedhas.
 12706 | D:9      | Found a burning altar of Makhleb.
 12760 | D:9      | Reached skill level 11 in Spellcasting
 13397 | D:9      | Identified the +8 spear of the Many Yaks {drain, rF+ Str+2}
 13643 | D:10     | Entered Level 10 of the Dungeon
 13832 | D:10     | Reached skill level 1 in Shields
 14005 | D:10     | Reached skill level 10 in Fighting
 14022 | D:10     | Found Tacvoj's Antique Weapon Boutique.
 14332 | D:10     | Noticed Erica
 14341 | D:10     | Killed Erica
 15126 | D:11     | Noticed Grum
 15372 | D:11     | Killed Grum
 15411 | D:11     | Reached XP level 12. HP: 77/91 MP: 0/0
 15426 | D:11     | Found a flagged portal.
 15437 | Bailey   | Entered a bailey
 16496 | D:11     | Noticed Urug
 16612 | D:11     | Killed Urug
 16848 | D:11     | Reached skill level 12 in Spellcasting
 17062 | D:11     | You are sucked into a shaft and drop 2 floors!
 17509 | D:12     | Noticed a skeletal warrior
 17509 | D:12     | Noticed a skeletal warrior
 17521 | D:12     | Noticed a skeletal warrior
 17549 | D:13     | Killed a skeletal warrior
 17980 | D:14     | Noticed a boulder beetle
 17996 | D:14     | Killed a boulder beetle
 19009 | D:12     | Reached XP level 13. HP: 95/99 MP: 0/0
 19009 | D:12     | Learned a level 5 spell: Lightning Bolt
 19049 | D:12     | Found a staircase to the Orcish Mines.
 19541 | D:12     | Noticed a boulder beetle
 19548 | D:12     | Killed a boulder beetle
 19849 | D:11     | Identified the +1 leather armour of Ashenzari's Approval
                  | {*Slow rPois rF+}
 19859 | D:11     | Reached skill level 13 in Spellcasting
 20373 | D:12     | HP: 4/100 [manticore/volley of spikes (8)]
 20391 | D:12     | Killed from afar by a tengu conjurer

Illustrated notes

Levels and vault maps discovered:
D:1:      shiori_shiawase, layout_basic, ebering_ecumenical_altar_hall,
          amcnicky_mini_pool_small, grunt_decor_one_mirror, minmay_distorted
D:2:      layout_basic, serial_forest, infiniplex_forest_lined_1,
          infiniplex_forest_end_double, infiniplex_forest_lined_3,
          infiniplex_forest_lined_3, infiniplex_forest_clump_diagonal,
          infiniplex_forest_clump_curved, minmay_heptomino_h4, uniq_terence,
          uniq_natasha
D:3:      layout_basic, kennysheep_generic_room_7
D:4:      layout_cave_pools, nicolae_elyvilon_peaceful_grove, uniq_robin
D:5:      layout_loops_ring, nicolae_hepliaklqana_hippocampus,
          chequers_mini_garden, minmay_misc_feat_chi, minmay_fountain_box,
          nrook_loot_triangle, glass_columns_a, minmay_manual_mullet,
          uniq_edmund
D:6:      layout_loops_ring, fiery_altar_vehumet, nemelex_diamond_rough_becter,
          nzn_wu_jian_council_hall, mainiacjoe_overflow_catwalk,
          minmay_temple_entry_junction_2, uniq_pikel, uniq_eustachio
D:7:      layout_loops_corners
D:8:      layout_rooms, fedhas_bush_and_centaur_altar, david_lair_generic
D:9:      layout_basic, bloody_makhleb, hangedman_glass_teeth
D:10:     layout_roguey, serial_aquarium, aquarium_bridge_island_small
          [aquarium_subvault_small_water, aquarium_subvault_bridge,
          aquarium_subvault_window, aquarium_subvault_bridge,
          aquarium_subvault_wall], aquarium_window_corner, aquarium_window_fake,
          aquarium_window_fake, aquarium_view_2c, aquarium_view_2g,
          serial_shops, shop_statue, uniq_erica
D:11:     layout_rooms, enter_bailey_2, uniq_urug, uniq_grum
D:12:     layout_long_grid, erik_orc_3
D:13:     layout_cross
D:14:     layout_irregular_city, grunt_vaults_entry_tiered, serial_shops,
          nicolae_shop_temple_entry_statues_fountains
Temple:   dpeg_chambers_temple

Skill      XL: |  1  2  3  4  5  6  7  8  9 10 11 12 13 |
---------------+----------------------------------------+-----
Fighting       | 1 2 3 4 5 7 8 10 11 | 11.8
Spellcasting   | 3 4 5 7 9 10 11 12 13 | 13.1
Shields        | 2 4 |  4.0
Dodging        | |  2.1
Stealth        | |  1.5

Action                   |  1- 3 |  4- 6 |  7- 9 | 10-12 | 13-15 || total
-------------------------+-------+-------+-------+-------+-------++-------
Melee: Unarmed           |     4 |       |       |       |       ||     4
       Staff             |       |       |       |       |     2 ||     2
 Cast: Sandblast         |    41 |    21 |       |       |       ||    62
       Stone Arrow       |       |    40 |   123 |   384 |    67 ||   614
       Passwall          |       |       |       |     2 |       ||     2
Evoke: Wand              |       |       |       |     7 |       ||     7
  Use: Scroll            |       |       |     8 |    10 |     2 ||    20
       Potion            |       |       |       |       |     1 ||     1
Armor: Robe              |     5 |     2 |    13 |    13 |     9 ||    42
Dodge: Dodged            |     9 |    11 |    32 |    66 |     6 ||   124
Block: Buckler           |       |       |     4 |    53 |    10 ||    67
       Reflection        |       |       |     1 |    21 |       ||    22

Table legend: (Time is in decaauts)
 A = Elapsed time spent in this place.
 B = Non-inter-level travel time spent in this place.
 C = Inter-level travel time spent in this place.
 D = Time resting spent in this place.
 E = Time spent auto-exploring this place.
 F = Levels seen in this place.
 G = Mean time per level.
                   A        B        C        D        E       F      G
               +--------+--------+--------+--------+--------+-----+--------+
         Total |  20403 |  19899 |    504 |   5994 |  11092 |  16 | 1275.2 |
       Dungeon |  19065 |  18631 |    434 |   5484 |  10654 |  14 | 1361.8 |
        Temple |    296 |    226 |     70 |      0 |    220 |   1 |  296.0 |
        Bailey |   1040 |   1040 |      0 |    510 |    218 |   1 | 1040.0 |
               +--------+--------+--------+--------+--------+-----+--------+

Top non-repeatable levels by time:
     D:5: 1890 daAuts
    D:10: 1807 daAuts
     D:7: 1706 daAuts
     D:1: 1612 daAuts
     D:4: 1592 daAuts
     D:3: 1481 daAuts
     D:2: 1480 daAuts
     D:6: 1451 daAuts
    D:11: 1191 daAuts
     D:8: 1178 daAuts
  Bailey: 1040 daAuts
     D:9: 959 daAuts
    D:12: 936 daAuts
    D:13: 892 daAuts
    D:14: 886 daAuts
